 Dungeon Crawl Stone Soup version 0.29.1-15-g9cfb28693d (webtiles) character file.

Game seed: 4054463405358618758

633 javelincjr the Conjurer (level 7, -14/51 HPs)
             Began as a Gnoll Conjurer on Apr 9, 2023.
             Was a High Priest of Ignis.
             Demolished by an ogre
             ... wielding a +0 giant club
              (18 damage)
             ... on level 5 of the Dungeon.
             The game lasted 00:12:18 (4731 turns).

javelincjr the Conjurer (Gnoll Conjurer)            Turns: 4731, Time: 00:12:19

Health: -14/51     AC:  7    Str:  8    XL:     7   Next: 49%
Magic:  5/15       EV: 13    Int: 17    God:    Ignis [*****.]
Gold:   185        SH:  0    Dex: 11    Spells: 11/17 levels left

rFire   + . .      SeeInvis .   y - +2 dagger (pain)
rCold   . . .      Faith    .   (no shield)
rNeg    . . .      Spirit   .   l - +0 leather armour
rPois   .          Reflect  .   (no helmet)
rElec   .          Harm     .   (no cloak)
rCorr   .          Rampage  .   (no gloves)
Will    .....                   (no boots)
Stlth   ++........              (no amulet)
HPRegen 0.17/turn               e - ring of flight
MPRegen 0.14/turn               i - +4 ring of protection

@: flying, very slightly contaminated
A: fangs 1, strong nose, distributed training
a: Renounce Religion, Fiery Armour, Foxfire Swarm, Rising Flame


You were on level 5 of the Dungeon.
You worshipped Ignis.
Ignis was extremely pleased with you.
You visited 1 branch of the dungeon, and saw 5 of its levels.

You collected 185 gold pieces.

Inventory:

Hand Weapons
 j - a +0 short sword of venom
 y - a +2 dagger of pain (weapon)
Missiles
 f - 12 poisoned darts
Armour
 a - a +0 robe
 l - a +0 leather armour (worn)
Jewellery
 e - a ring of flight (left hand)
 i - a +4 ring of protection (right hand)
 B - a +6 ring of dexterity
 C - a ring of see invisible
Scrolls
 c - a scroll of vulnerability {unknown}
 d - 3 scrolls of noise
 g - 2 scrolls of fear
 h - 3 scrolls of teleportation
 p - 2 scrolls of enchant weapon {unknown}
 q - a scroll of magic mapping {unknown}
 s - a scroll of enchant armour {unknown}
 u - a scroll of torment {unknown}
 w - a scroll of poison {unknown}
 x - a scroll of amnesia {unknown}
 z - a scroll of blinking {unknown}
Potions
 b - 2 potions of magic
 k - a potion of haste {unknown}
 m - 2 potions of curing
 n - a potion of flight {unknown}
 o - 2 potions of lignification
 r - 2 potions of berserk rage {unknown}
 t - a potion of heal wounds {unknown}
 v - 2 potions of attraction
 A - 2 potions of degeneration


   Skills:
 + Level 2.6 Fighting
 + Level 2.6 Short Blades
 + Level 2.6 Long Blades
 + Level 2.6 Axes
 + Level 2.6 Maces & Flails
 + Level 2.6 Polearms
 + Level 2.6 Staves
 + Level 2.6 Ranged Weapons
 + Level 2.6 Throwing
 + Level 2.6 Armour
 + Level 5.3 Dodging
 + Level 5.0 Stealth
 + Level 2.6 Shields
 + Level 2.6 Unarmed Combat
 + Level 5.7 Spellcasting
 + Level 7.4 Conjurations
 + Level 2.1 Hexes
 + Level 2.1 Summonings
 + Level 2.1 Necromancy
 + Level 2.1 Translocations
 + Level 2.1 Transmutations
 + Level 2.1 Fire Magic
 + Level 2.1 Ice Magic
 + Level 2.1 Air Magic
 + Level 2.1 Earth Magic
 + Level 2.1 Poison Magic
 + Level 2.9 Invocations
 + Level 2.6 Evocations


You had 11 spell levels left.
You knew the following spells:

 Your Spells              Type           Power      Damage    Failure   Level
a - Magic Dart            Conj           100%       1d8       1%          1
b - Searing Ray           Conj           60%        2d6       1%          2
c - Conjure Flame         Conj/Fire      21%        6-21      8%          3

Your spell library contained the following spells:

 Spells                   Type           Power      Damage    Failure   Level
 Apportation              Tloc           24%        N/A       8%          1
 Necrotise                Necr           48%        1d6       8%          1
 Slow                     Hex            48%        N/A       8%          1
 Summon Small Mammal      Summ           48%        N/A       8%          1
 Dazzling Flash           Conj/Hex       42%        N/A       8%          3
 Confusing Touch          Hex            12%        N/A       22%         3
 Ignite Poison            Fire/Tmut/Pois 12%        N/A       22%         3
 Vampiric Draining        Necr           12%        2d6       22%         3
 Fulminant Prism          Conj/Hex       10%        3d9       26%         4
 Iskenderun's Mystic Bla  Conj/Tloc      21%        2d6       26%         4
 Sticky Flame             Conj/Fire      21%        2d4       26%         4


Dungeon Overview and Level Annotations

Branches:
Dungeon (5/15)
 Temple: D:4-7

Altars:
Ashenzari
Fedhas
Gozag
Qazlal
The Shining One
Ignis


Innate Abilities, Weirdness & Mutations

You have very sharp teeth.
Your uncanny sense of smell can sniff out nearby items.
Your experience applies equally to all skills.


Message History

The white imp gestures at you. The puff of frost hits you!
The white imp hits you. The white imp freezes you. The white imp hits you.
The white imp freezes you.
Casting: Searing Ray (safe; 1% risk of failure)
Confirm with . or Enter, or press ? or * to list all spells.
Aiming: Searing Ray (safe; 1% risk of failure)
Press: ? - help, Shift-Dir - straight line, f/p - white imp
Aim: a white imp (heavily wounded, 79% to hit)
The searing ray hits the white imp.
The white imp is severely wounded. (Press . to maintain the ray.)
The white imp hits you. The white imp freezes you.
The searing ray hits the white imp!
You kill the white imp!
The searing ray hits the ogre.
The ogre is moderately wounded.
The searing ray hits the ogre.
The ogre is lightly wounded.
The searing ray hits the ogre.
The ogre is heavily wounded.
The ogre hits you with a +0 giant club!!
* * * LOW HITPOINT WARNING * * *
The searing ray hits the ogre!
The ogre is severely wounded.
The searing ray hits the ogre!
The ogre is severely wounded.
You finish channelling your searing ray.
Casting: Searing Ray (safe; 1% risk of failure)
Confirm with . or Enter, or press ? or * to list all spells.
Aiming: Searing Ray (safe; 1% risk of failure)
Press: ? - help, Shift-Dir - straight line, f - ogre
Aim: an ogre, wielding a +0 giant spiked club (severely wounded, 90% to hit)
The searing ray hits the ogre.
The ogre is almost dead.
The searing ray hits the ogre!
The ogre is almost dead. (Press . to maintain the ray.)
The ogre hits you with a +0 giant club!!
You die...

. .. ..>. ... ## .....#
.... .. ....... .....
.#......########......
... ...#....@OO.....#
#.###+#.#.#####.......
+###.#...........+.......
.....#.......#####.?.....
......(......# .......
....##.......# .......
....++.......# .......
....##.......# .......
######.......#


You could see 2 ogres.

Vanquished Creatures
  A black bear (D:4)
  A scorpion (D:4)
  A necrophage (D:5)
  2 hounds (D:4)
  Jessica (D:2)
  Natasha (thrice) (D:3)
  2 iguanas
  2 orc wizards
  6 adders
  A white imp (D:5)
  2 worms (D:3)
  3 dart slugs
  10 orcs
  3 ball pythons
  4 endoplasms
  A giant cockroach (D:4)
  11 goblins
  7 hobgoblins
  6 jackals
  6 kobolds
  7 quokkas
  9 bats
  4 frilled lizards
  4 rats
97 creatures vanquished.

Notes
Turn   | Place    | Note
-------+----------+-------------------------------------------
     0 | D:1      | javelincjr the Gnoll Conjurer began the quest for the Orb.
     0 | D:1      | Reached XP level 1. HP: 13/13 MP: 6/6
   182 | D:1      | Reached XP level 2. HP: 19/19 MP: 5/7
   903 | D:2      | Reached skill level 5 in Spellcasting
   903 | D:2      | Reached XP level 3. HP: 25/25 MP: 5/9
  1073 | D:2      | Reached skill level 1 in Invocations
  1160 | D:2      | Reached skill level 1 in Fighting
  1160 | D:2      | Reached skill level 1 in Short Blades
  1160 | D:2      | Reached skill level 1 in Long Blades
  1160 | D:2      | Reached skill level 1 in Axes
  1160 | D:2      | Reached skill level 1 in Maces & Flails
  1160 | D:2      | Reached skill level 1 in Polearms
  1160 | D:2      | Reached skill level 1 in Staves
  1160 | D:2      | Reached skill level 1 in Ranged Weapons
  1160 | D:2      | Reached skill level 1 in Throwing
  1160 | D:2      | Reached skill level 1 in Armour
  1160 | D:2      | Reached skill level 1 in Shields
  1160 | D:2      | Reached skill level 1 in Unarmed Combat
  1160 | D:2      | Reached skill level 1 in Evocations
  1177 | D:2      | Learned a level 2 spell: Searing Ray
  1315 | D:2      | Noticed Jessica
  1319 | D:2      | Reached XP level 4. HP: 32/32 MP: 6/11
  1325 | D:2      | Killed Jessica
  1326 | D:2      | Reached skill level 1 in Hexes
  1326 | D:2      | Reached skill level 1 in Summonings
  1326 | D:2      | Reached skill level 1 in Necromancy
  1326 | D:2      | Reached skill level 1 in Translocations
  1326 | D:2      | Reached skill level 1 in Transmutations
  1326 | D:2      | Reached skill level 1 in Fire Magic
  1326 | D:2      | Reached skill level 1 in Ice Magic
  1326 | D:2      | Reached skill level 1 in Air Magic
  1326 | D:2      | Reached skill level 1 in Earth Magic
  1326 | D:2      | Reached skill level 1 in Poison Magic
  1456 | D:2      | Found a faded altar of an unknown god.
  1465 | D:2      | Prayed at the altar of an unknown god.
  1465 | D:2      | Became a worshipper of Ignis, the Dying Flame
  1970 | D:3      | Reached XP level 5. HP: 33/37 MP: 6/12
  2270 | D:3      | Noticed Natasha
  2275 | D:3      | Killed Natasha
  2408 | D:3      | Found a glowing golden altar of the Shining One.
  2417 | D:3      | Noticed Natasha
  2423 | D:3      | Killed Natasha
  2428 | D:3      | Noticed Natasha
  2431 | D:3      | Killed Natasha
  2590 | D:3      | Found a stormy altar of Qazlal.
  2590 | D:3      | Found a blossoming altar of Fedhas.
  2636 | D:3      | Found a broken altar of Ashenzari.
  2655 | D:3      | Found a faded altar of an unknown god.
  2657 | D:3      | Found an opulent altar of Gozag.
  2864 | D:3      | Reached XP level 6. HP: 44/44 MP: 10/13
  2918 | D:3      | You are sucked into a shaft and drop 1 floor!
  3232 | D:4      | Reached skill level 5 in Dodging
  3239 | D:4      | Learned a level 3 spell: Conjure Flame
  3301 | D:4      | Noticed a black bear
  3316 | D:4      | Killed a black bear
  3626 | D:4      | Reached XP level 7. HP: 51/51 MP: 10/15
  4262 | D:5      | Entered Level 5 of the Dungeon
  4547 | D:5      | Reached skill level 5 in Stealth
  4731 | D:5      | Demolished by an ogre

Illustrated notes

Levels and vault maps discovered:
D:1:      tarquinn_simple_flora_water_d, layout_loops_ring
D:2:      layout_basic, ebering_ecumenical_altar_mist, uniq_jessica
D:3:      layout_basic, mainiacjoe_overflow_concentric_impassable,
          chequers_temple_overflow_minitemple, uniq_natasha
D:4:      layout_basic, nicolae_elevator_lobby_plus
D:5:      layout_basic

Skill      XL: |  1  2  3  4  5  6  7 |
---------------+----------------------+-----
Spellcasting   | 5 |  5.7
Invocations    | 1 2 |  2.9
Fighting       | 1 2 |  2.6
Short Blades   | 1 2 |  2.6
Long Blades    | 1 2 |  2.6
Axes           | 1 2 |  2.6
Maces & Flails | 1 2 |  2.6
Polearms       | 1 2 |  2.6
Staves         | 1 2 |  2.6
Ranged Weapons | 1 2 |  2.6
Throwing       | 1 2 |  2.6
Armour         | 1 2 |  2.6
Shields        | 1 2 |  2.6
Unarmed Combat | 1 2 |  2.6
Evocations     | 1 2 |  2.6
Hexes          | 1 2 |  2.1
Summonings     | 1 2 |  2.1
Necromancy     | 1 2 |  2.1
Translocations | 1 2 |  2.1
Transmutations | 1 2 |  2.1
Fire Magic     | 1 2 |  2.1
Ice Magic      | 1 2 |  2.1
Air Magic      | 1 2 |  2.1
Earth Magic    | 1 2 |  2.1
Poison Magic   | 1 2 |  2.1
Dodging        | 5 |  5.3
Stealth        | 5 |  5.0
Conjurations   | |  7.4

Action                   |  1- 3 |  4- 6 |  7- 9 || total
-------------------------+-------+-------+-------++-------
Melee: Short sword       |     8 |     9 |       ||    17
       Unarmed           |     8 |       |       ||     8
       Bite              |     1 |       |       ||     1
 Cast: Magic Dart        |    55 |   116 |    31 ||   202
       Searing Ray       |       |     4 |     8 ||    12
       Conjure Flame     |       |     1 |     1 ||     2
  Use: Scroll            |       |       |     7 ||     7
Armor: Robe              |     9 |       |       ||     9
       Leather armour    |       |    14 |     1 ||    15
Dodge: Dodged            |    14 |    30 |     1 ||    45
